 Dungeon Crawl Stone Soup version 0.31-a0-234-gad7ace16ef (webtiles) character file.

Game seed: 5943085465305054447

25 qw the Shooter (level 3, 0/21 HPs)
             Began as a Gargoyle Hexslinger on July 9, 2023.
             Slain by Sigmund
             ... wielding a +2 scythe of venom
              (10 damage)
             ... on level 2 of the Dungeon.
             The game lasted 00:00:26 (1226 turns).

qw the Shooter (Gargoyle Hexslinger)                Turns: 1226, Time: 00:00:27

Health: 0/21       AC:  6    Str: 11    XL:     3   Next: 6%
Magic:  4/4        EV: 11    Int: 13    God:
Gold:   68         SH:  0    Dex: 14    Spells: 3/4 levels left

rFire   . . .        Y - +1 sling
rCold   . . .        (no shield)
rNeg    + . .        h - +0 leather armour
rPois   inf          (no helmet)
rElec   +            (no cloak)
rCorr   .            (no gloves)
SInv    .            (no boots)
Will    .....        (no amulet)
Stlth   +            (no ring)
HPRegen 0.23/turn    (no ring)
MPRegen 0.09/turn

%: no passive effects
@: confused
A: sickness immunity, AC +3, negative energy resistance 1, electricity
resistance, torment resistance 1, petrification resistance
a: no special abilities


You were on level 2 of the Dungeon.
You visited 1 branch of the dungeon, and saw 2 of its levels.

You collected 68 gold pieces.


Innate Abilities, Weirdness & Mutations

You are immune to sickness and miasma.
Your stone body is resilient. (AC +3)
You are immune to poison.
You resist negative energy. (rN+)
You are resistant to electric shocks. (rElec)
You are resistant to unholy torment.
You are immune to petrification.


   Skills:
 - Level 2.0 Fighting
 + Level 3.0 Ranged Weapons
 - Level 1.5 Dodging
 - Level 1.0 Spellcasting
 - Level 2.6 Hexes


You had 3 spell levels left.
You knew the following spells:

 Your Spells              Type           Power      Damage    Failure   Level
a - Slow                  Hex            28%        N/A       12%         1

Your spell library contained the following spells:

 Spells                   Type           Power      Damage    Failure   Level
 Inner Flame              Hex/Fire       4%         N/A       54%         3
 Portal Projectile        Hex/Tloc       8%         N/A       54%         3
 Cause Fear               Hex            3%         N/A       77%         4

Inventory:

Hand Weapons
 Y - a +1 sling (weapon)
Armour
 h - a +0 leather armour (worn)
Potions
 d - a potion of curing {unknown}
 g - a potion of brilliance {unknown}
 i - a potion of mutation {unknown}

Dungeon Overview and Level Annotations

Branches:
Dungeon (2/15)

Altars:

Annotations:
D:2 Sigmund


Message History

Sigmund screams, "You will never...
NEVER!!!"
Sigmund closely misses you.
Sigmund casts a spell.
Sigmund flickers and vanishes!
Deactivating autopickup; reactivate with Ctrl-A.
1214 ||| STAIRDANCE Something hits you but does no damage.
In your confused state, you trip and fall back down the stairs.
1216 ||| STAIRDANCE Something hits you but does no damage.
You climb upwards.
Reactivating autopickup.
You feel less confused.
There is a stone staircase leading down here.
Done exploring.
(D) Dungeon
Where to? (* - list waypoints, Enter - D:2, ? - help)
What level of the Dungeon? (default 1, ? - help)
Something hits you.
Deactivating autopickup; reactivate with Ctrl-A.
You climb downwards.
Level annotation: Sigmund Reactivating autopickup.
There is a stone staircase leading up here.
There is a strange disturbance nearby!
1221 ||| Stepping randomly (disturbance).
You shoot a sling bullet. Something hits you.
Deactivating autopickup; reactivate with Ctrl-A.
You shoot a sling bullet. Something hits you.
1223 ||| STAIRDANCE You hear some strange, mumbled words.
You are confused.
In your confused state, you trip and fall back down the stairs.
Something hits you!
1225 ||| STAIRDANCE In your confused state, you trip and fall back down the stairs.
Something hits you!
You die...

. #....
#.#...
#.#...
#.#..
....
..####
##....#
#.@{..#
#)#####
#. ##


There were no monsters in sight!

Vanquished Creatures
  A dart slug (D:1)
  2 endoplasms (D:1)
  2 goblins (D:1)
  2 hobgoblins (D:1)
  A quokka (D:1)
  3 bats (D:1)
  5 frilled lizards (D:1)
  4 kobolds (D:1)
  4 rats (D:1)
24 creatures vanquished.

Notes
Turn   | Place    | Note
-------+----------+-------------------------------------------
     0 | D:1      | qw the Gargoyle Hexslinger began the quest for the Orb.
     0 | D:1      | Reached XP level 1. HP: 12/12 MP: 2/2
     0 | D:1      | 0 ||| qw: Version: 0.3-a-51-g015441d
     0 | D:1      | 0 ||| qw: Game counter: 4208
     0 | D:1      | 0 ||| qw: Melee chars always use a shield: true
     0 | D:1      | 0 ||| qw: God list: Okawaru
     0 | D:1      | 0 ||| qw: Allow faded altars: false
     0 | D:1      | 0 ||| qw: Do Orc after clearing Dungeon:15 true
     0 | D:1      | 0 ||| qw: Do second Lair branch before Depths: true
     0 | D:1      | 0 ||| qw: Lair rune preference: random
     0 | D:1      | 0 ||| qw: Goals: Normal
     0 | D:1      | 0 ||| PLANNING D:1-11
   164 | D:1      | Reached XP level 2. HP: 13/16 MP: 3/3
   178 | D:1      | Found a faded altar of an unknown god.
   393 | D:1      | Reached skill level 3 in Ranged Weapons
   752 | D:1      | Reached XP level 3. HP: 21/21 MP: 4/4
   855 | D:1      | 855 ||| UPGRADING to +0 leather armour.
   865 | D:1      | 865 ||| DROPPING +0 robe.
   866 | D:1      | 866 ||| READING scroll labelled HUKAUMAFUI.
   867 | D:1      | 867 ||| READING scroll labelled FAYGRENT HAIL.
   868 | D:1      | 868 ||| DROPPING scroll of poison.
   941 | D:2      | Noticed Sigmund
   943 | D:2      | 943 ||| STAIRDANCE
   972 | D:2      | 972 ||| STAIRDANCE
  1019 | D:2      | 1019 ||| STAIRDANCE
  1040 | D:2      | 1040 ||| STAIRDANCE
  1058 | D:2      | 1058 ||| STAIRDANCE
  1084 | D:2      | 1084 ||| STAIRDANCE
  1130 | D:2      | 1130 ||| STAIRDANCE
  1191 | D:2      | 1191 ||| STAIRDANCE
  1214 | D:2      | 1214 ||| STAIRDANCE
  1216 | D:2      | 1216 ||| STAIRDANCE
  1221 | D:2      | 1221 ||| Stepping randomly (disturbance).
  1223 | D:2      | 1223 ||| STAIRDANCE
  1225 | D:2      | 1225 ||| STAIRDANCE
  1226 | D:2      | Slain by Sigmund

Levels and vault maps discovered:
D:1:      dpeg_arrival_round_a, layout_loops_ring,
          hellmonk_ecumenical_altar_pennies_from_heaven
D:2:      layout_basic, kennysheep_generic_room_13, uniq_sigmund

Skill      XL: |  1  2  3 |
---------------+----------+-----
Ranged Weapons | 3 |  3.0
Fighting       | 2 |  2.0
Dodging        | |  1.5
Spellcasting   | |  1.0
Hexes          | |  2.6

Action                     || total
---------------------------++-------
   Fire: Sling             ||    80
    Use: Scroll            ||     2
 Armour: Robe              ||     8
         Leather armour    ||     3
  Dodge: Dodged            ||    29

Table legend:
 A = Non-vault XP
 B = Vault XP
 C = Vault XP percentage of total XP
 D = Non-vault monster count
 E = Vault monster count
 F = Vault count percentage of total count
                 A         B        C        D         E       F
            +---------+---------+-------+---------+---------+-------
      Total |      37 |       0 |   0.0 |      24 |       0 |   0.0
            +---------+---------+-------+---------+---------+-------
        D:1 |      37 |       0 |   0.0 |      24 |       0 |   0.0
            +---------+---------+-------+---------+---------+-------
